 Dungeon Crawl Stone Soup version bcrawl-1.21.3 (webtiles) character file.

Game seed: 9653099114515413701

55 Flugslaktarn the Sneak (level 3, -1/24 HPs)
             Began as a Skeleton Archaeologist on Mar 29, 2020.
             Slain by Sigmund
             ... wielding a +0 scythe
              (3 damage)
             ... on level 2 of the Dungeon.
             The game lasted 00:01:25 (1786 turns).

Flugslaktarn the Sneak (Skeleton Archaeologist)     Turns: 1786, Time: 00:01:25

Health: -1/24      AC:  6    Str: 18      XL:     3   Next: 67%
Magic:  0/3        EV: 15    Int: 11 (12) God:
Gold:   41         SH:  0    Dex:  5 (7)  Spells: 2/2 levels left

rFire    + . .     SeeInvis .   l - +2 dagger (speed)
rCold    . . .     Gourm    .   (no shield)
rNeg     + + +     Faith    .   b - +1 robe
rPois    ∞         Spirit   +   m - +0 helmet
rElec    .         Reflect  .   (no cloak)
rCorr    .         Harm     .   (no gloves)
MR       .....                  d - +1 pair of boots
Stlth    ++........             e - amulet of regeneration
HPRegen  0.48/turn              v - +3 ring of evasion
MPRegen  0.08/turn              h - ring of fire

@: no status effects
A: no food or potions, cold resistance 1, deterioration 1, negative energy
resistance 3, torment resistance, unbreathing, magic shield, sturdy frame 1,
spell healing
a: no special abilities


You were on level 2 of the Dungeon.
You were not hungry.

You visited 1 branch of the dungeon, and saw 2 of its levels.

You collected 41 gold pieces.

Inventory:

Hand Weapons
 a - a +0 whip
 l - a +2 dagger of speed (weapon)
   (You took it off a goblin on level 1 of the Dungeon)
Armour
 b - a +1 robe (worn)
 c - a +1 hat
 d - a +1 pair of boots (worn)
 m - a +0 helmet (worn)
   (You took it off Robin on level 2 of the Dungeon)
Jewellery
 e - an amulet of regeneration (around neck)
   (You found it on level 2 of the Dungeon)
 h - a ring of fire (right hand)
   (You found it on level 1 of the Dungeon)
 v - a +3 ring of evasion (left hand)
   (You found it on level 2 of the Dungeon)
Scrolls
 g - 2 scrolls of amnesia {unknown}
 i - a scroll of fog {unknown}
 j - 3 scrolls of identify {unknown}
 k - a scroll of enchant armour {unknown}
 o - a scroll of magic mapping
 p - a scroll of teleportation {unknown}
Miscellaneous
 f - a dusty tome


   Skills:
 + Level 3.6 Fighting
 - Level 1.2 Maces & Flails
 - Level 3.0 Dodging
 - Level 3.6 Stealth


You had 2 spell levels left.
You didn't know any spells.
Your spell library was empty.

Dungeon Overview and Level Annotations

Branches:
Dungeon (2/12)

Altars:
Ashenzari

Annotations:
D:2 Sigmund


Innate Abilities, Weirdness & Mutations

You do not eat or drink.
You are immune to poison.
Your flesh is cold resistant. (rC+)
Your body sometimes deteriorates upon taking damage.
You are immune to negative energy. (rN+++)
You are immune to unholy pain and torment.
You can survive without breathing.
When hurt, damage is shared between your health and your magic reserves.
Your movements are slightly less encumbered by armour. (ER -2)
Casting spells heals you.


Message History

You are too confused!
You hit Sigmund.
Sigmund is lightly wounded.
Sigmund casts a spell.
Sigmund flickers and vanishes!
Deactivating autopickup; reactivate with Ctrl-A.
Something hits you!
You hit something. Something hits you.
You completely miss something.
You bump into the rock wall.
You feel less confused. Something hits you.
You miss something. You hit something but do no damage. Something hits you!
* * * LOW HITPOINT WARNING * * *
You can't drink.
Unknown command.
You hit something. You hit something. Something hits you.
You die...

#......### #........#
#......#.# #####....#
#......†# #.####.## #...##.#
########### ###.##.#
#..........
###.##@######..........
#.....{....##......†..†
######.###.>............(...
#........#......##..........
#........#......##..........
#........#......##...#######
#........#......##...#
####@..###############
#....###


There were no monsters in sight!

Vanquished Creatures
  Robin (D:2)
  A worm (D:2)
  A dart slug (D:1)
  2 leopard geckos
  A giant cockroach (D:2)
  7 goblins
  8 hobgoblins
  A ball python (D:1)
  4 bats
  4 frilled lizards (D:1)
  4 kobolds
  4 rats (D:1)
38 creatures vanquished.

Notes
Turn   | Place    | Note
-------+----------+-------------------------------------------
     0 | D:1      | Flugslaktarn the Skeleton Archaeologist began the quest for
                  | the Orb.
     0 | D:1      | Reached XP level 1. HP: 12/12 MP: 1/1
   205 | D:1      | Reached XP level 2. HP: 17/17 MP: 2/2
   217 | D:1      | Found a shattered altar of Ashenzari.
   868 | D:2      | Noticed Robin
   912 | D:1      | Reached XP level 3. HP: 4/23 MP: 3/3
  1503 | D:2      | Killed Robin
  1744 | D:2      | Found a faded altar of an unknown god.
  1745 | D:2      | Noticed Sigmund
  1786 | D:2      | Slain by Sigmund

Skill      XL: |  1  2 |
---------------+-------+-----
Fighting       | 2 3 |  3.6
Maces & Flails | |  1.2
Dodging        | |  3.0
Stealth        | |  3.6

Action                   || total
-------------------------++-------
Melee: Whip              ||   113
       Dagger            ||    54
 Stab: Sleeping          ||     5
Armor: Robe              ||    66
Dodge: Dodged            ||   123
